 Dungeon Crawl Stone Soup version 0.29.1-12-g30fa7ad0bf (webtiles) character file.

Game seed: 17813044839119870033

269 Knoxx the Chopper (level 6, -9/56 HPs)
             Began as a Minotaur Fighter on Jan 17, 2023.
             Was a Follower of Ashenzari.
             Mangled by a hornet (16 damage)
             ... on level 4 of the Dungeon.
             The game lasted 00:25:36 (3907 turns).

Knoxx the Chopper (Minotaur Fighter)                Turns: 3907, Time: 00:25:37

Health: -9/56      AC:  5    Str: 22    XL:     6   Next: 1%
Magic:  5/5        EV:  9    Int:  5    God:    Ashenzari [*.....]
Gold:   438        SH:  4    Dex: 10    Spells: 5/5 levels left

rFire   . . .      SeeInvis .   a - +0 war axe
rCold   . . .      Faith    .   p - +0 buckler "I Foresaw This" {Self, Comp} (curse)
rNeg    . . .      Spirit   .   b - +0 scale mail of the Gnostic Chagrin {Bglg, Melee} (curse)
rPois   .          Reflect  .   (helmet restricted)
rElec   .          Harm     +   n - scarf {harm}
rCorr   .          Rampage  .   (no gloves)
Will    .....                   D - +0 pair of boots
Stlth   ..........              (no amulet)
HPRegen 0.18/turn               (no ring)
MPRegen 0.09/turn               (no ring)

@: mighty, lethally poisoned (-9 -> -20), slowed, very slow
A: horns 2, retaliatory headbutt, deformed body
a: Renounce Religion, Shatter the Chains


You were on level 4 of the Dungeon.
You worshipped Ashenzari.
Ashenzari was aware of your devotion.
You visited 1 branch of the dungeon, and saw 4 of its levels.
You also visited: Ossuary.

You collected 438 gold pieces.

Inventory:

Hand Weapons
 a - a +0 war axe (weapon)
 g - a +1 whip of venom
 i - a +1 dagger of protection
Missiles
 e - 5 poisoned darts (quivered)
 m - 11 boomerangs
Armour
 b - the cursed +0 scale mail of the Gnostic Chagrin (worn) {Bglg, Melee}

   It has a curse which improves the following skills: Beguiling: Conjurations,
   Hexes and Translocations.
   Melee Combat: Short Blades, Long Blades, Axes, Maces & Flails, Polearms,
   Staves and Unarmed Combat.
 c - a +0 buckler
 n - a scarf of harm (worn)
 p - the cursed +0 buckler "I Foresaw This" (worn) {Self, Comp}
   (You found it on level 2 of the Dungeon)

   It has a curse which improves the following skills: Introspection: Fighting
   and Spellcasting.
   Companions: Summonings and Necromancy.
 D - a +0 pair of boots (worn)
Jewellery
 y - an amulet of the acrobat
 z - a ring of see invisible
 E - a ring of ice
Scrolls
 f - 2 scrolls of blinking
 l - 3 scrolls of identify
 s - a scroll of poison
 t - a scroll of teleportation
 u - a scroll of silence
 w - a scroll of amnesia
 A - a scroll of magic mapping
Potions
 d - a potion of might
 h - 2 potions of berserk rage
 j - 4 potions of attraction
 k - a potion of brilliance
 o - 3 potions of lignification
 q - a potion of resistance
 r - 2 potions of cancellation
 v - 4 potions of flight
 x - 2 potions of haste
 C - 2 potions of curing


   Skills:
 + Level 4.7(5.5) Fighting
 + Level 5.7(6.6) Axes
 + Level 4.8 Armour
 + Level 0.5 Dodging
 + Level 0.1 Stealth
 + Level 4.1 Shields


You had 5 spell levels left.
You didn't know any spells.
Your spell library contained the following spells:

 Spells                   Type           Power      Damage    Failure   Level
 Blink                    Tloc           0%         N/A       94%         2
 Sublimation of Blood     Necr           0%         N/A       94%         2
 Wereblood                Tmut           0%         N/A       95%         2
 Lesser Beckoning         Tloc           0%         N/A       99%         3
 Manifold Assault         Tloc           0%         N/A       100%        5
 Summon Hydra             Summ           0%         N/A       100%        7


Dungeon Overview and Level Annotations

Branches:
Dungeon (4/15)             Temple (0/1) D:4         Ossuary (visited)

Altars:
Ashenzari
Ru
Yredelemnul


Innate Abilities, Weirdness & Mutations

You have a pair of horns on your head.
You reflexively headbutt those who attack you in melee.
Armour fits poorly on your strangely shaped body.


Message History

You see here a +0 robe.
An orc and a hornet come into view.
The orc shouts!
The hornet buzzes angrily.
An orc wizard comes into view. It is wielding a +0 dagger. x2
The orc wizard shouts!
You hear a shout!
An orc comes into view. It is wielding a +0 club.
The orc wizard mumbles some strange words.
The orc wizard flickers and vanishes!
Deactivating autopickup; reactivate with Ctrl-A.
The hornet attacks as you move away! The hornet stings you.
You suddenly lose the ability to move!
The hornet stings you!
You shrug off the repeated paralysis!
The hornet stings you!
You feel yourself slow down. The hornet stings you!
You are poisoned.
You feel as though you will be slow longer.
You can move again.
You feel much better.
You feel very sick. The hornet stings you.
You feel as though you will be slow longer.
The hornet barely misses you.
Blink to where?
Press: ? - help, Dir - move target
As you read the scroll of blinking, it crumbles to dust.
You feel very sick.
You feel sick.
You feel very mighty all of a sudden.
You feel sick. The hornet stings you!
You are more poisoned.
You feel as though you will be slow longer.
You closely miss the hornet. You headbutt the hornet!
The hornet is heavily wounded.
* * * LOW HITPOINT WARNING * * *
You feel very sick. The hornet closely misses you. The hornet stings you.
* * * LOW HITPOINT WARNING * * *
You feel as though you will be slow longer.
The hornet stings you!
You die...

#......#
#.##.#.#..⌠...⌠..##.
####.### #.
#................. #. #
#....#.........##..
..##.##.##.##.###.. ...
#...............
.......#.............
.#####.......<.....
#...........####..
#@###.......# .
######y####.#.####
#..y.o..#.....#
#.####..#.#.###
#.#####.####..#.#.#
..{.o$.o...#......#
..o...o.....#.#.##...../
......###..#....# .####.
#.#..# #..<...## .#


You could see a hornet and an orc.

Vanquished Creatures
  9 mummies
  4 gnolls (D:2)
  3 adders
  An ufetubus (D:4)
  A worm (D:4)
  3 dart slugs (D:1)
  An orc (D:4)
  5 ball pythons
  6 endoplasms
  2 giant cockroaches
  6 goblins
  3 hobgoblins
  2 jackals (D:1)
  6 quokkas
  6 bats
  4 hobgoblin zombies
  10 kobolds
  2 kobold zombies (Ossuary)
  3 orc zombies (Ossuary)
  7 rats
84 creatures vanquished.

Notes
Turn   | Place    | Note
-------+----------+-------------------------------------------
     0 | D:1      | Knoxx the Minotaur Fighter began the quest for the Orb.
     0 | D:1      | Reached XP level 1. HP: 19/19 MP: 0/0
    71 | D:1      | Reached XP level 2. HP: 21/27 MP: 1/1
   379 | D:1      | Reached skill level 3 in Axes
   726 | D:1      | Reached XP level 3. HP: 33/33 MP: 2/2
  1465 | D:2      | Found a broken altar of Ashenzari.
  1477 | D:2      | Became a worshipper of Ashenzari the Shackled
  1499 | D:2      | Reached XP level 4. HP: 40/40 MP: 3/3
  1565 | D:2      | Reached skill level 4 in Axes
  2452 | D:3      | Found a sacrificial altar of Ru.
  2793 | D:3      | Found the +4 dagger "Morg" {pain, Will+ Int+5}
  2852 | D:3      | Found a basalt altar of Yredelemnul.
  3188 | D:4      | Found a staircase to the Ecumenical Temple.
  3199 | D:4      | Reached * piety under Ashenzari
  3212 | D:4      | Found a sand-covered staircase.
  3217 | D:4      | Reached XP level 5. HP: 27/48 MP: 4/4
  3219 | Ossuary  | Entered an ossuary
  3241 | Ossuary  | Reached skill level 5 in Axes
  3741 | Ossuary  | Gained mutation: You are robust. (+10% HP) [potion of
                  | mutation]
  3741 | Ossuary  | Gained mutation: Armour fits poorly on your strangely
                  | shaped body. [potion of mutation]
  3741 | Ossuary  | Lost mutation: You are robust. (+10% HP) [potion of
                  | mutation]
  3882 | D:4      | Reached XP level 6. HP: 55/56 MP: 5/5
  3897 | D:4      | Noticed a hornet
  3900 | D:4      | Paralysed by a hornet for 3 turns
  3907 | D:4      | Mangled by a hornet

Illustrated notes

Levels and vault maps discovered:
D:1:      wander_arrival_lonely_grave, layout_basic, minivault_27
D:2:      layout_basic, basic_altar, minmay_distorted
D:3:      kennysheep_big_flooded_room, layout_basic,
          nicolae_overflow_hidden_temple, nicolae_ru_path_of_blood,
          item_on_display_a
D:4:      layout_loops_cross, mainiacjoe_overflow_alcove_4,
          minmay_temple_entry_large_hall, nicolae_ossuary_entry_giza,
          hangedman_decor_growths, kennysheep_generic_room_6

Skill      XL: |  1  2  3  4  5 |
---------------+----------------+-----
Axes           | 3 4 5 |  5.7
Armour         | 4 |  4.8
Fighting       | 4 |  4.7
Shields        | 4 |  4.1
Dodging        | |  0.5
Stealth        | |  0.1

Action                   |  1- 3 |  4- 6 || total
-------------------------+-------+-------++-------
Melee: War axe           |    85 |    72 ||   157
       Headbutt          |    10 |    15 ||    25
Invok: Curse Item        |       |     2 ||     2
  Use: Scroll            |       |     6 ||     6
       Potion            |       |     6 ||     6
Armor: Scale mail        |    36 |    26 ||    62
Dodge: Dodged            |    43 |    38 ||    81
Block: Buckler           |    16 |     8 ||    24
